 Dungeon Crawl Stone Soup version 0.26-a0-712-ga5a9c9c9d0 (webtiles) character file.

Game seed: 13326899116969337528

63 Azzok the Chopper (level 3, 0/29 HPs)
             Began as a Demonspawn Berserker on Nov 8, 2020.
             Was a Follower of Trog.
             Succumbed to an adder's poison
             ... on level 2 of the Dungeon.
             The game lasted 00:01:21 (2015 turns).

Azzok the Chopper (Demonspawn Berserker)            Turns: 2015, Time: 00:01:21

Health: 0/29       AC:  8    Str: 24    XL:     3   Next: 87%
Magic:  3/3        EV:  8    Int:  8    God:    Trog [*.....]
Gold:   64         SH:  0    Dex: 12    Spells: 2/2 levels left

rFire    + + .     SeeInvis .   a - +0 hand axe
rCold    + . .     Faith    .   (no shield)
rNeg     . . .     Spirit   .   i - +0 chain mail
rPois    .         Reflect  .   (no helmet)
rElec    .         Harm     .   h - scarf {rC+ rF+}
rCorr    .         Rampage  .   (no gloves)
MR       .....                  (no boots)
Stlth    ..........             (no amulet)
HPRegen  0.09/turn              (no ring)
MPRegen  0.08/turn              f - +6 ring of strength

@: lethally poisoned (0 -> -3)
A: fire resistance 1
a: Berserk, Renounce Religion


You were on level 2 of the Dungeon.
You worshipped Trog.
Trog was aware of your devotion.
You visited 1 branch of the dungeon, and saw 2 of its levels.

You collected 64 gold pieces.

Inventory:

Hand Weapons
 a - a +0 hand axe (weapon)
Armour
 h - a scarf of resistance (worn)
 i - a +0 chain mail (worn)
Jewellery
 c - an uncursed ring of ice
 f - a +6 ring of strength (right hand)
Wands
 b - a wand of polymorph (10)
Scrolls
 d - a scroll of fog {unknown}
 e - 3 scrolls of teleportation {unknown}
 g - a scroll of identify {unknown}
Potions
 j - 2 potions of haste {unknown}


   Skills:
 - Level 3.0 Fighting
 + Level 4.4 Axes
 - Level 1.7 Armour
 - Level 1.7 Dodging


You had 2 spell levels left.
You didn't know any spells.
Your spell library was empty.

Dungeon Overview and Level Annotations

Branches:
Dungeon (2/15)

Altars:


Innate Abilities, Weirdness & Mutations

Your flesh is heat resistant. (rF+)


Message History

You closely miss the adder.
The adder is heavily wounded.
The adder bites you but does no damage. x2
You hit the adder.
The adder is almost dead.
You feel sick. The adder bites you.
* * * LOW HITPOINT WARNING * * *
You barely miss the adder.
The adder is almost dead.
The adder bites you.
* * * LOW HITPOINT WARNING * * *
The adder bites you.
* * * LOW HITPOINT WARNING * * *
You hit the adder but do no damage.
The adder is almost dead.
The adder bites you.
* * * LOW HITPOINT WARNING * * *
You miss the adder.
The adder is almost dead.
You die...

···▒···▒·▒ ▒╬▒
▒▒·▒·▒·▒·▒ ▒·▒
▒······(▒ ▒·▒
▒▒▒▒▒)▒▒▒▒▒▒▒·▒▒
▒··········▒▒
▒·····▒·····▒
▒▒·▒▒·▒▒···▒▒ ▒
▒·▒▒·▒▒··▒▒▒▒▒····
▒·········@S·····▒
▒·▒▒▒▒▒·▒▒▒▒▒▒▒▒▒▒
▒·· ···▒ ▒▒▒ ▒▒▒▒▒


You could see an adder.

Vanquished Creatures
  Terence (D:2)
  2 adders (D:2)
  A dart slug (D:1)
  A leopard gecko (D:1)
  A giant cockroach (D:1)
  A goblin (D:2)
  2 hobgoblins (D:1)
  2 jackals (D:1)
  A quokka (D:2)
  2 frilled lizards (D:2)
  A kobold (D:1)
  4 rats
19 creatures vanquished.

Vanquished Creatures (others)
  A plant (D:2)
1 creature vanquished.

Grand Total: 20 creatures vanquished

Notes
Turn   | Place    | Note
-------+----------+-------------------------------------------
     0 | D:1      | Azzok the Demonspawn Berserker began the quest for the Orb.
     0 | D:1      | Reached XP level 1. HP: 18/18 MP: 1/1
   414 | D:1      | Reached skill level 3 in Axes
   712 | D:1      | Gained mutation: Your flesh is heat resistant. (rF+)
                  | [demonic ancestry]
   712 | D:1      | Reached XP level 2. HP: 22/24 MP: 2/2
  1492 | D:2      | Noticed Terence
  1511 | D:2      | Killed Terence
  1511 | D:2      | Reached skill level 4 in Axes
  1511 | D:2      | Reached XP level 3. HP: 18/29 MP: 3/3
  2014 | D:2      | HP: 1/29 [adder (4)]
  2015 | D:2      | Succumbed to an adder's poison

Illustrated notes

Levels and vault maps discovered:
D:1:      matt_arrival_diagonals, layout_loops_corners, kennysheep_boxes
D:2:      layout_loops_corners, fedhas_altar_1, uniq_terence, uniq_sigmund

Skill      XL: |  1  2 |
---------------+-------+-----
Axes           | 3 4 |  4.4
Fighting       | |  3.0
Armour         | |  1.7
Dodging        | |  1.7

Action                   || total
-------------------------++-------
Melee: Hand axe          ||   113
Invok: Berserk           ||     2
  Use: Potion            ||     1
Armor: Animal skin       ||     9
       Chain mail        ||    16
Dodge: Dodged            ||    70

Table legend: (Time is in decaauts)
 A = Elapsed time spent in this place.
 B = Non-inter-level travel time spent in this place.
 C = Inter-level travel time spent in this place.
 D = Time resting spent in this place.
 E = Time spent auto-exploring this place.
 F = Levels seen in this place.
 G = Mean time per level.
                   A        B        C        D        E       F      G
               +--------+--------+--------+--------+--------+-----+--------+
         Total |   2045 |   2013 |     32 |    204 |   1583 |   2 | 1022.5 |
       Dungeon |   2045 |   2013 |     32 |    204 |   1583 |   2 | 1022.5 |
               +--------+--------+--------+--------+--------+-----+--------+

Top non-repeatable levels by time:
     D:1: 1361 daAuts
     D:2: 683 daAuts
